 Dungeon Crawl Stone Soup version 0.30-a0-840-ga523dec638 (webtiles) character file.

Game seed: 13357971307714125287

77 demibob the Twirler (level 4, -2/33 HPs)
             Began as a Demonspawn Gladiator on Mar 2, 2023.
             Slain by Ijyb
             ... wielding a +10 club
              (6 damage)
             ... on level 3 of the Dungeon.
             The game lasted 00:01:30 (1269 turns).

demibob the Twirler (Demonspawn Gladiator)          Turns: 1269, Time: 00:01:30

Health: -2/33      AC:  5    Str: 14    XL:     4   Next: 13%
Magic:  4/4        EV: 12    Int: 12    God:
Gold:   75         SH:  0    Dex: 14    Spells: 3/3 levels left

rFire   . . .      SeeInvis .    a - +0 quarterstaff
rCold   . . .      Faith    .    (shield currently unavailable)
rNeg    . . .      Spirit   .    b - +0 leather armour
rPois   +          Reflect  .    c - +0 helmet
rElec   .          Harm     .    (no cloak)
rCorr   .          Rampage  .    (no gloves)
Will    +....                    (no boots)
Stlth   +                        (no amulet)
HPRegen 0.25/turn                P - ring of poison resistance
MPRegen 0.09/turn                W - ring of willpower

@: no status effects
A: ignite blood 1, sharp scales 1, weakness stinger 1
a: no special abilities


You were on level 3 of the Dungeon.
You visited 1 branch of the dungeon, and saw 3 of its levels.

You collected 75 gold pieces.


Innate Abilities, Weirdness & Mutations

Your demonic aura sometimes causes spilled blood to erupt in flames.
You are partially covered in razor-sharp scales. (AC +1, Slay +1)
You have a small tail.


   Skills:
 - Level 2.0 Fighting
 + Level 4.5 Staves
 - Level 1.7 Throwing
 - Level 2.6 Dodging


You had 3 spell levels left.
You didn't know any spells.
Your spell library contained the following spells:

 Spells                   Type           Power      Damage    Failure   Level
 Shock                    Conj/Air       0%         1d3       38%         1
 Slow                     Hex            0%         N/A       38%         1
 Ensorcelled Hibernation  Hex/Ice        0%         N/A       54%         2
 Passwall                 Tmut/Erth      0%         N/A       54%         2
 Confusing Touch          Hex            0%         N/A       77%         3
 Swiftness                Air            0%         N/A       77%         3
 Vampiric Draining        Necr           0%         2d6       77%         3
 Airstrike                Air            0%         2d(0-16)  99%         4
 Fireball                 Conj/Fire      0%         3d3       100%        5
 Iskenderun's Battlesphe  Conj           0%         2d6       100%        5
 Conjure Ball Lightning   Conj/Air       0%         3x3d6     100%        6
 Orb of Destruction       Conj           0%         9d5       100%        7

Inventory:

Hand Weapons
 a - a +0 quarterstaff (weapon)
Missiles
 d - 3 throwing nets (quivered) {=f}
 e - a javelin
Armour
 b - a +0 leather armour (worn)
 c - a +0 helmet (worn)
Jewellery
 P - a ring of poison resistance (left hand)
 W - a ring of willpower (right hand)
Scrolls
 f - 9 scrolls of identify {unknown}
 i - a scroll of magic mapping {unknown}
 j - a scroll of brand weapon {unknown}
 k - a scroll of torment {unknown}
 l - 2 scrolls of enchant armour {unknown}
 o - a scroll of enchant weapon {unknown}
Potions
 g - a potion of flight {unknown}
 h - 2 potions of heal wounds {unknown}
 m - a potion of mutation {unknown}
 n - a potion of might {unknown}

Dungeon Overview and Level Annotations

Branches:
Dungeon (3/15)

Altars:

Shops:
D:3 (

Annotations:
D:3 Ijyb

...#....#####....#..
# #.#.............#
##∩#.................
####.[.........###...
#..............# ...
##...#.........#
#####.....#####
#.........#
#..@?.....#
#..g#.....#
#...####### #....
#.... #..... ......
#.......


You could see Ijyb.


Message History

You are too injured to fight recklessly!
You are too injured to fight recklessly!
You are too injured to fight recklessly!
You are too injured to fight recklessly!
You are too injured to fight recklessly!
You are too injured to fight recklessly!
You are too injured to fight recklessly!
You are too injured to fight recklessly!
You are too injured to fight recklessly!
You barely miss Ijyb.
Ijyb zaps a wand.
You resist with almost no effort.
You sock Ijyb!
Ijyb is moderately wounded.
Ijyb screams, "I cut your head off!" Ijyb misses you.
You closely miss Ijyb.
Ijyb is moderately wounded.
Ijyb zaps a wand.
You resist with almost no effort.
You hit Ijyb but do no damage. You tail-slap Ijyb.
Ijyb is heavily wounded.
Ijyb zaps a wand.
You resist with almost no effort.
Ijyb grins evilly.
Ijyb barely misses you.
You sock Ijyb!
Ijyb is severely wounded.
Ijyb hits you with a +10 club!
* * * LOW HITPOINT WARNING * * *
You hit Ijyb but do no damage.
Ijyb is severely wounded.
Ijyb hits you with a +10 club.
You die...

Skill      XL: |  1  2  3 |
---------------+----------+-----
Staves         | 3 4 |  4.5
Fighting       | |  2.0
Throwing       | |  1.7
Dodging        | |  2.6

Action                     |  1- 3 |  4- 6 || total
---------------------------+-------+-------++-------
  Melee: Quarterstaff      |    92 |    13 ||   105
         Tailslap          |     3 |     2 ||     5
   Stab: Sleeping          |     1 |       ||     1
 Armour: Leather armour    |    35 |     1 ||    36
  Dodge: Dodged            |    66 |     2 ||    68

Levels and vault maps discovered:
D:1:      kb_arrival_jail, layout_rooms
D:2:      layout_loops_ring, chequers_serial_rivers_marsh, minmay_hexomino_u4
D:3:      layout_basic, serial_shops, nicolae_shop_window_shopping, uniq_ijyb

Notes
Turn   | Place    | Note
-------+----------+-------------------------------------------
     0 | D:1      | demibob the Demonspawn Gladiator began the quest for the
                  | Orb.
     0 | D:1      | Reached XP level 1. HP: 16/16 MP: 1/1
     2 | D:1      | Noticed a ghoul
     2 | D:1      | Noticed a demonspawn
     4 | D:1      | Noticed a vine stalker
     6 | D:1      | Noticed a demigod
     8 | D:1      | Noticed a troll
     8 | D:1      | Noticed a human
    10 | D:1      | Noticed a draconian
    10 | D:1      | Noticed a tengu
    12 | D:1      | Noticed an armataur
    14 | D:1      | Noticed a gargoyle
    14 | D:1      | Noticed a minotaur
    16 | D:1      | Noticed an elf
    16 | D:1      | Noticed an ogre
    18 | D:1      | Noticed a formicid
    18 | D:1      | Noticed a merfolk
    20 | D:1      | Noticed a naga
    20 | D:1      | Noticed a felid
    22 | D:1      | Noticed an octopode
    22 | D:1      | Noticed a spriggan
    24 | D:1      | Noticed a vampire
    24 | D:1      | Noticed a merfolk
    26 | D:1      | Noticed a spriggan
    26 | D:1      | Noticed a minotaur
    92 | D:1      | Reached skill level 3 in Staves
   132 | D:1      | Gained mutation: You have a small tail. [demonic ancestry]
   132 | D:1      | Reached XP level 2. HP: 16/22 MP: 2/2
   544 | D:2      | Gained mutation: Your demonic aura sometimes causes spilled
                  | blood to erupt in flames. [demonic ancestry]
   544 | D:2      | Reached XP level 3. HP: 8/27 MP: 3/3
   587 | D:2      | Reached skill level 4 in Staves
  1207 | D:2      | Gained mutation: You are partially covered in razor-sharp
                  | scales. (AC +1, Slay +1) [demonic ancestry]
  1207 | D:2      | Reached XP level 4. HP: 33/33 MP: 4/4
  1255 | D:3      | Found Riklok's Antique Weapon Shop.
  1256 | D:3      | Noticed Ijyb
  1269 | D:3      | Slain by Ijyb

Vanquished Creatures
  4 adders (D:2)
  2 worms
  3 ball pythons
  5 bats
  5 endoplasms
  2 goblins (D:1)
  4 hobgoblins
  5 kobolds
  3 quokkas
  A rat (D:2)
34 creatures vanquished.

Table legend: (Time is in decaauts)
 A = Elapsed time spent in this place.
 B = Non-inter-level travel time spent in this place.
 C = Inter-level travel time spent in this place.
 D = Time resting spent in this place.
 E = Time spent auto-exploring this place.
 F = Levels seen in this place.
 G = Mean time per level.
                   A        B        C        D        E       F      G
               +--------+--------+--------+--------+--------+-----+--------+
         Total |   1281 |   1258 |     23 |     48 |    948 |   3 |  427.0 |
       Dungeon |   1281 |   1258 |     23 |     48 |    948 |   3 |  427.0 |
               +--------+--------+--------+--------+--------+-----+--------+

Top non-repeatable levels by time:
     D:2: 781 daAuts
     D:1: 458 daAuts
     D:3: 40 daAuts

Table legend:
 A = Non-vault XP
 B = Vault XP
 C = Vault XP percentage of total XP
 D = Non-vault monster count
 E = Vault monster count
 F = Vault count percentage of total count
                 A         B        C        D         E       F
            +---------+---------+-------+---------+---------+-------
      Total |     107 |       3 |   2.7 |      32 |       2 |   5.9
            +---------+---------+-------+---------+---------+-------
        D:1 |      32 |       0 |   0.0 |      18 |       0 |   0.0
        D:2 |      71 |       3 |   4.1 |      13 |       2 |  13.3
        D:3 |       4 |       0 |   0.0 |       1 |       0 |   0.0
            +---------+---------+-------+---------+---------+-------
